 Dungeon Crawl Stone Soup version 0.27-a0-909-g0721f309d1 (webtiles) character file.

Game seed: 12034447235012944204

43 jasper the Skirmisher (level 3, -1/29 HPs)
             Began as a Demonspawn Artificer on Apr 9, 2021.
             Slain by a kobold
             ... wielding a +0 short sword
              (5 damage)
             ... on level 2 of the Dungeon.
             The game lasted 00:01:33 (973 turns).

jasper the Skirmisher (Demonspawn Artificer)         Turns: 973, Time: 00:01:34

Health: -1/29      AC:  5    Str: 12    XL:     3   Next: 37%
Magic:  3/3        EV: 11    Int: 13    God:
Gold:   10         SH:  0    Dex: 13    Spells: 2/2 levels left

rFire    . . .     SeeInvis .   a - +0 club
rCold    . . .     Faith    .   (no shield)
rNeg     . . .     Spirit   .   b - +0 leather armour
rPois    .         Reflect  .   c - +2 hat
rElec    .         Harm     .   (no cloak)
rCorr    .         Rampage  .   (no gloves)
Will     .....                  (no boots)
Stlth    +.........             (no amulet)
HPRegen  0.09/turn              (no ring)
MPRegen  0.08/turn              (no ring)

@: no status effects
A: hooves 1, ignite blood 1
a: no special abilities


You were on level 2 of the Dungeon.
You visited 1 branch of the dungeon, and saw 2 of its levels.

You collected 10 gold pieces.

Inventory:

Hand Weapons
 a - a +0 club (weapon)
 j - a +0 hunting sling
Missiles
 k - 11 bolts
 l - 13 poisoned darts (quivered)
 m - 2 throwing nets
Armour
 b - a +0 leather armour (worn)
 c - a +2 hat (worn)
Wands
 d - a wand of charming (13)
 e - a wand of random effects (15)
Scrolls
 f - 2 scrolls of teleportation {unknown}
 g - 2 scrolls of identify {unknown}
 h - a scroll of fear {unknown}
Potions
 i - a potion of heal wounds {unknown}
 n - a potion of flight {unknown}


   Skills:
 + Level 3.2 Fighting
 - Level 1.7 Armour
 - Level 0.8 Dodging
 - Level 0.8 Stealth
 + Level 0.5 Unarmed Combat
 - Level 3.0 Evocations


You had 2 spell levels left.
You didn't know any spells.
Your spell library contained the following spells:

 Spells                   Type           Power      Damage    Failure   Level
 Magic Dart               Conj           0%         1d3       36%         1
 Blink                    Tloc           N/A        N/A       52%         2
 Call Imp                 Summ           0%         N/A       52%         2
 Slow                     Hex            0%         N/A       52%         2
 Conjure Flame            Conj/Fire      0%         6-21      75%         3
 Mephitic Cloud           Conj/Pois/Air  0%         N/A       75%         3


Dungeon Overview and Level Annotations

Branches:
Dungeon (2/15)

Altars:


Innate Abilities, Weirdness & Mutations

You have large cloven feet.
Your demonic aura sometimes causes spilled blood to erupt in flames


Message History

The adder is moderately wounded.
The adder bites you. The adder misses you.
You take 1 damage, and have 13/29 hp.
You barely miss the adder.
The adder is moderately wounded.
The adder bites you but does no damage. The adder closely misses you.
A worm comes into view.
You miss the adder.
The adder is moderately wounded.
The adder bites you.
The kobold throws a stone.
The stone completely misses you.
The stone barely misses the adder.
The stone hits your worm. The adder bites you but does no damage.
You take 1 damage, and have 12/29 hp.
You miss the adder. Your kick misses the adder.
The adder is moderately wounded.
The adder barely misses you.
You miss the adder. Your kick misses the adder.
The adder is moderately wounded.
The adder bites you but does no damage. The adder bites you.
The kobold hits you but does no damage.
You take 2 damage, and have 10/29 hp.
You miss the adder. Your kick misses the adder.
The adder is moderately wounded.
The adder closely misses you. The kobold hits you but does no damage.
The adder bites you.
* * * LOW HITPOINT WARNING * * *
You take 3 damage, and have 7/29 hp.
You barely miss the adder.
The adder is moderately wounded.
The adder bites you but does no damage. The kobold barely misses you.
Your worm bites the adder.
You completely miss the adder.
The adder is heavily wounded.
The adder closely misses you.
The kobold hits you with a +0 short sword.
* * * LOW HITPOINT WARNING * * *
Your worm bites the adder!
The adder dies!
The kobold hits you with a +0 short sword.
You die...

#.......# #.......###
#......... #.......#
#..w....# #.......#
#..K....# #..@....#
#..†....# #..w....#
##+## ###.#####
##...## #.##
##.....## #..##
##.......##
###...####.........#
#).....w.††...<....'
#.#....####.........#


You could see a worm, a kobold and a friendly worm (charmed, unaware).

Vanquished Creatures
  A gnoll (D:1)
  2 bats (D:1)
  An endoplasm (D:1)
  A giant cockroach (D:1)
  A goblin (D:1)
  5 hobgoblins
  4 jackals
  A kobold (D:1)
  A quokka (D:2)
  A ball python (D:1)
  4 frilled lizards (D:1)
  A rat (D:1)
23 creatures vanquished.

Vanquished Creatures (collateral kills)
  2 adders (D:2)
  A ball python (D:2)
3 creatures vanquished.

Vanquished Creatures (others)
  An adder (D:2)
1 creature vanquished.

Grand Total: 27 creatures vanquished

Notes
Turn   | Place    | Note
-------+----------+-------------------------------------------
     0 | D:1      | jasper the Demonspawn Artificer began the quest for the
                  | Orb.
     0 | D:1      | Reached XP level 1. HP: 15/15 MP: 1/1
   113 | D:1      | Gained mutation: Your demonic aura sometimes causes spilled
                  | blood to erupt in flames [demonic ancestry]
   113 | D:1      | Reached XP level 2. HP: 23/23 MP: 2/2
   498 | D:1      | Gained mutation: You have large cloven feet. [demonic
                  | ancestry]
   498 | D:1      | Reached XP level 3. HP: 20/29 MP: 3/3
   973 | D:2      | Slain by a kobold

Illustrated notes

Levels and vault maps discovered:
D:1:      minmay_arrival_doors, layout_basic, minmay_strange_pillars
D:2:      layout_loops_corners, serial_shops, shop

Skill      XL: |  1  2 |
---------------+-------+-----
Fighting       | 2 3 |  3.2
Armour         | |  1.7
Dodging        | |  0.8
Stealth        | |  0.8
Unarmed Combat | |  0.5
Evocations     | |  3.0

Action                   || total
-------------------------++-------
Melee: Club              ||    59
       Kick              ||     4
Throw: Boomerang         ||     8
Evoke: Wand              ||    17
Armor: Leather armour    ||    42
Dodge: Dodged            ||    67

Table legend: (Time is in decaauts)
 A = Elapsed time spent in this place.
 B = Non-inter-level travel time spent in this place.
 C = Inter-level travel time spent in this place.
 D = Time resting spent in this place.
 E = Time spent auto-exploring this place.
 F = Levels seen in this place.
 G = Mean time per level.
                   A        B        C        D        E       F      G
               +--------+--------+--------+--------+--------+-----+--------+
         Total |    997 |    954 |     43 |     24 |    689 |   2 |  498.5 |
       Dungeon |    997 |    954 |     43 |     24 |    689 |   2 |  498.5 |
               +--------+--------+--------+--------+--------+-----+--------+

Top non-repeatable levels by time:
     D:1: 876 daAuts
     D:2: 120 daAuts
